[Event "WA State Championship"]
[Site "Legacy House, South Perth"]
[Date "2005.07.10"]
[Round "2"]
[White "Maris, R"]
[Black "Walker, C"]
[Result "1-0"]
[WhiteElo "1939"]
[BlackElo "1353"]
[ECO "D06"]
[EventDate "2005.07.03"]
[TimeControl "5400+60"]

1.d4 d5 2.c4 Nf6 3.cxd5 Qxd5 4.Nc3 Qf5 5.Nf3 c6 6.e3 Qd7 7.Bc4 e6 8.O-O 
Qc7 9.e4 g6 10.e5 Nd5 11.Ne4 Bg7 12.Nd6+ Ke7 13.Bg5+ f6 14.exf6+ Bxf6 15.
Nxc8+ Qxc8 16.Bxd5 cxd5 17.Bxf6+ Kxf6 18.Ne5 Kg7 19.Rc1 Qd8 20.Qg4 Qd6 21.
Rfe1 Na6 22.h4 Rhf8 23.h5 Rf6 24.hxg6 hxg6 25.Re3 Rh8 26.Rg3 Rh6 27.Rh3 
Nb8 28.Rxh6 Kxh6 29.Qh4+ Kg7 30.Ng4 Qf4 31.Qxf6+ Qxf6 32.Nxf6 Kxf6 33.Rc7 
b5 34.Rc8 Nd7 35.Ra8 Kf5 36.f3 Kf4 37.Kf2 e5 38.Rxa7 Nb6 39.Rf7+ 1-0

[Event "WA State Championship"]
[Site "Legacy House, South Perth"]
[Date "2005.07.10"]
[Round "2"]
[White "Hessing, R"]
[Black "Holland, D"]
[Result "0-1"]
[WhiteElo "1663"]
[BlackElo "1588"]
[ECO "A03"]
[EventDate "2005.07.03"]
[TimeControl "5400+60"]

1.f4 d5 2.b3 Bg4 3.Nf3 e6 4.e3 Bd6 5.Bb2 f6 6.Be2 Nd7 7.d4 Qe7 8.c4 c6 9.
c5 Bc7 10.O-O Nh6 11.h3 Nf5 12.hxg4 Nxe3 13.Qd3 Nxf1 14.Bxf1 Bxf4 15.Nc3 
O-O 16.Bc1 Bxc1 17.Rxc1 e5 18.Nh4 exd4 19.Nf5 Qe5 20.Ne2 g6 21.Nfxd4 Rae8 
22.Rc3 Qg5 23.Qh3 Re4 24.b4 Rfe8 25.b5 Ne5 26.bxc6 Nxc6 27.Nxc6 bxc6 28.
Rb3 Rxg4 29.Rb7 Qe3+ 30.Qxe3 Rxe3 31.Rxa7 Rc4 32.Kf2 Ree4 33.g3 Ra4 34.
Rxa4 Rxa4 35.Bh3 f5 0-1

[Event "WA State Championship"]
[Site "Legacy House, South Perth"]
[Date "2005.07.10"]
[Round "2"]
[White "Garcia, M"]
[Black "Maris, N"]
[Result "0-1"]
[WhiteElo "1454"]
[BlackElo "1669"]
[ECO "A45"]
[EventDate "2005.07.03"]
[TimeControl "5400+60"]

1.d4 Nf6 2.g3 e6 3.Bg2 d5 4.Nf3 c5 5.c3 Nc6 6.O-O Qb6 7.a3 a5 8.Nbd2 Bd6 
9.dxc5 Bxc5 10.Nb3 Bd6 11.Be3 Qc7 12.Nbd4 Nxd4 13.Nxd4 Bd7 14.Qb3 O-O 15.
Nb5 Bxb5 16.Qxb5 Ra6 17.c4 Qc6 18.Qb3 a4 19.cxd5 Nxd5 20.Bxd5 axb3 21.Bxc6
Rxc6 22.Rfc1 Be5 23.Rxc6 bxc6 24.Rc1 Rc8 25.Bc5 f5 26.Bb4 Bxb2 27.Rb1 Bf6 
28.Rxb3 c5 29.Bd2 c4 30.Rb4 c3 31.Bc1 c2 32.a4 Rd8 0-1

[Event "WA State Championship"]
[Site "Legacy House, South Perth"]
[Date "2005.07.10"]
[Round "2"]
[White "Pavlovic, M"]
[Black "Markou, V"]
[Result "1-0"]
[WhiteElo "1663"]
[BlackElo "1452"]
[ECO "D53"]
[EventDate "2005.07.03"]
[TimeControl "5400+60"]

1.d4 d5 2.c4 e6 3.Nf3 Nf6 4.Nc3 Be7 5.Bg5 O-O 6.Qc2 a6 7.e3 Nc6 8.a3 h6 9.
Bh4 dxc4 10.Bxc4 b5 11.Bd3 Bb7 12.O-O Nh5 13.Bxe7 Nxe7 14.Bh7+ Kh8 15.Be4 
c6 16.Ne5 Nf6 17.Bf3 Ned5 18.Rac1 Rc8 19.Ne4 Kg8 20.Nc5 Qe7 21.e4 Nb6 22.
Rfd1 Qc7 23.Ng4 Nxg4 24.Bxg4 Nd7 25.Nxb7 Qxb7 26.Bf3 e5 27.Bg4 f6 28.Be6+ 
Kh8 29.dxe5 fxe5 30.Rxd7 1-0

[Event "WA State Championship"]
[Site "Legacy House, South Perth"]
[Date "2005.07.10"]
[Round "2"]
[White "Klimczak, J"]
[Black "Janceski, A"]
[Result "0-1"]
[WhiteElo "1366"]
[BlackElo "1662"]
[ECO "B06"]
[EventDate "2005.07.03"]
[TimeControl "5400+60"]

1.e4 d6 2.d4 g6 3.Be3 Bg7 4.Be2 Nd7 5.Nf3 Ngf6 6.Nc3 Ng4 7.Bd2 c5 8.dxc5 
Nxc5 9.h3 Nf6 10.e5 dxe5 11.Nxe5 O-O 12.Be3 Nce4 13.Qxd8 Rxd8 14.Nxe4 Nxe4
15.Nd3 Bf5 16.g4 Be6 17.a3 b6 18.c3 Bc4 19.Rd1 Bb3 20.Rc1 Bd5 21.O-O Rac8 
22.Nb4 Bb3 23.Kg2 Nd2 24.Rfe1 Nc4 25.Bxc4 Bxc4 26.Bd4 Bxd4 27.cxd4 e6 28.
Red1 a5 29.Nc2 Bb3 30.Rd2 Bxc2 31.Rcxc2 Rxc2 32.Rxc2 Rxd4 33.Rc6 b5 34.Rc5
Rd5 35.Rxd5 exd5 36.Kf3 f6 37.Ke3 Kf7 38.Kd4 Ke6 39.f4 Kd6 40.b3 h6 41.b4 
axb4 42.axb4 g5 43.f5 Kc6 44.Kc3 Kd7 45.Kd4 Kd6 46.Kc3 Ke5 47.Kd3 d4 48.
Kc2 Ke4 49.Kd2 d3 50.Ke1 Kd4 51.Kd2 Kc4 0-1

[Event "WA State Championship"]
[Site "Legacy House, South Perth"]
[Date "2005.07.10"]
[Round "2"]
[White "Taylor, P"]
[Black "Patron, A"]
[Result "0-1"]
[WhiteElo "1100"]
[BlackElo "1820"]
[ECO "C41"]
[EventDate "2005.07.03"]
[TimeControl "5400+60"]

1.e4 e5 2.Nf3 d6 3.Bc4 h6 4.Nc3 Nf6 5.d3 a6 6.Be3 b5 7.Bb3 Bb7 8.a3 Nbd7 
9.h3 c5 10.Qd2 Rc8 11.O-O Be7 12.Rad1 O-O 13.Ba2 Kh8 14.Rfe1 Nh7 15.Ne2 f5
16.exf5 Bxf3 17.gxf3 Rxf5 18.f4 Rf8 19.Bd5 Nhf6 20.Bg2 Qe8 21.fxe5 Nxe5 
22.Ng3 Nh5 23.Qe2 Nf4 24.Bxf4 Rxf4 25.Qh5 Qf8 26.Rf1 Bg5 27.Qe2 Re8 28.Qd2
Rh4 29.Qc3 d5 30.d4 cxd4 31.Rxd4 Rc8 32.Qb4 Be7 33.Qd2 Rxc2 34.Qxc2 Rxd4 
35.Qc3 Bf6 36.Re1 Rc4 37.Qd2 Ng6 38.Qxd5 Bxb2 39.Qd7 Rc1 40.Rxc1 Bxc1 41.
a4 Ne5 42.Qc7 Bf4 43.Qa5 Qb8 44.axb5 axb5 45.Qb4 Nd3 46.Qc3 Nxf2 47.Kxf2 
b4 48.Qb3 Bd2 49.Nf5 Qe5 50.Ne3 Qd4 51.Ke2 Bc3 52.Qd1 Qf6 53.Qb3 Qf4 54.
Qd5 Bd4 55.Qe4 Bxe3 56.Qxe3 Qc4+ 57.Qd3 Qa2+ 58.Kf1 Qf7+ 59.Ke1 b3 60.Be4 
Qe7 61.Kd1 b2 62.Kd2 Qf6 63.Ke2 g5 64.Ke1 h5 65.Ke2 g4 66.hxg4 hxg4 67.Qg3
Qa6+ 68.Kd2 Qh6+ 69.Qe3 Qd6+ 70.Kc2 Qh2+ 71.Qd2 b1=Q+ 0-1

[Event "WA State Championship"]
[Site "Legacy House, South Perth"]
[Date "2005.07.10"]
[Round "2"]
[White "O'Donohue, B"]
[Black "O'Shaughnessy, D"]
[Result "1-0"]
[WhiteElo "1592"]
[BlackElo "1303"]
[ECO "C42"]
[EventDate "2005.07.03"]
[TimeControl "5400+60"]

1.e4 e5 2.Nf3 Nf6 3.Nxe5 d6 4.Nf3 Nxe4 5.d4 d5 6.Bd3 Be7 7.O-O O-O 8.c4 c6
9.Re1 f5 10.Ne5 Bh4 11.g3 Be7 12.Qe2 Bb4 13.Nd2 Be6 14.cxd5 cxd5 15.f3 
Nxd2 16.Bxd2 Bxd2 17.Qxd2 f4 18.g4 Nd7 19.Bc2 Qg5 20.Nxd7 Bxd7 21.Re5 Qf6 
22.Rxd5 Bc6 23.Rf5 Qd6 24.Rxf8+ Rxf8 25.Qd3 Qh6 26.Re1 Qh3 27.Bd1 Rf6 28.
Qf1 Qxf1+ 29.Kxf1 Rd6 30.Bb3+ Kf8 31.d5 Bxd5 32.Bxd5 Rxd5 33.Re4 g5 34.Ke2
Kf7 35.a4 Kf6 36.b4 Re5 37.Kd3 Rxe4 38.Kxe4 Ke6 39.b5 b6 40.h4 h6 41.h5 
Kd6 42.Kf5 Kd5 43.Kg6 Kd4 44.Kxh6 Ke3 45.Kxg5 Kxf3 46.h6 1-0

[Event "WA State Championship"]
[Site "Legacy House, South Perth"]
[Date "2005.07.10"]
[Round "2"]
[White "Bailye, R"]
[Black "Whitehead, P"]
[Result "0-1"]
[WhiteElo "1223"]
[BlackElo "1610"]
[ECO "B34"]
[EventDate "2005.07.03"]
[TimeControl "5400+60"]

1.e4 c5 2.Nf3 Nc6 3.d4 cxd4 4.Nxd4 g6 5.Nc3 Bg7 6.Nxc6 bxc6 7.Qf3 d6 8.Bc4
Be6 9.Bxe6 fxe6 10.O-O Qb6 11.Rb1 Bxc3 12.Qxc3 Nf6 13.Be3 Qb5 14.b3 O-O 
15.a4 Qh5 16.f3 Rfc8 17.Qd2 d5 18.Bg5 dxe4 19.Bxf6 exf6 20.fxe4 Qe5 21.
Rbe1 Rd8 22.Qf4 Qd4+ 23.Kh1 Kg7 24.h3 Rd7 25.Qf3 Qe5 26.Qf4 Qxf4 27.Rxf4 
Rd2 28.Ref1 Rf8 29.e5 f5 30.Rc4 Rc8 31.b4 Rd5 32.Re1 a6 33.Kh2 g5 34.Re3 
c5 35.c3 Kg6 36.h4 h6 37.Rg3 Rxe5 38.hxg5 hxg5 39.Rd3 Rd5 40.Re3 e5 41.Re1
e4 42.a5 Kf6 43.Rb1 Rb8 44.Kg3 Ke5 45.Rh1 Rd3+ 46.Kf2 cxb4 47.cxb4 Rbd8 
48.Rc5+ Kf4 49.Re1 R8d6 50.b5 axb5 51.Rxb5 Ra3 52.Rc1 Rd2+ 53.Kg1 Kg4 54.
Rf1 f4 55.Re5 Raa2 56.Kh1 Rxg2 57.Rg1 Rxg1+ 58.Kxg1 e3 59.Kf1 Kf3 60.Kg1 
g4 61.Rc5 Ra1+ 62.Kh2 g3+ 63.Kh3 Rh1# 0-1

[Event "WA State Championship"]
[Site "Legacy House, South Perth"]
[Date "2005.07.17"]
[Round "3"]
[White "Barber, H"]
[Black "Fedec, J"]
[Result "1-0"]
[WhiteElo "2143"]
[BlackElo "1829"]
[ECO "B26"]
[EventDate "2005.07.03"]
[TimeControl "5400+60"]

1.e4 c5 2.Nc3 Nc6 3.g3 g6 4.Bg2 Bg7 5.d3 d6 6.Be3 e6 7.Qd2 Rb8 8.Nf3 b5 9.
O-O b4 10.Nd1 Ba6 11.Re1 Nd4 12.Nh4 Qa5 13.f4 Ne7 14.Kh1 O-O 15.g4 Bf6 16.
Bf2 Bb7 17.Ne3 Qc7 18.g5 Bg7 19.Ng4 Kh8 20.Rac1 Ng8 21.c3 bxc3 22.bxc3 Qa5
23.Ne3 Nc6 24.f5 Rfe8 25.Nc4 Qc7 26.Bg3 Ne5 27.f6 Bf8 28.Nxe5 dxe5 29.Nf3 
Bd6 30.c4 Ba8 31.Qc3 Rb6 32.Rb1 Reb8 33.Rxb6 Rxb6 34.h4 h6 35.Bxe5 Bxe5 
36.Nxe5 Kh7 37.Rf1 Rd6 38.h5 Rd8 39.hxg6+ 1-0

[Event "WA State Championship"]
[Site "Legacy House, South Perth"]
[Date "2005.07.17"]
[Round "3"]
[White "Maris, N"]
[Black "Hare, T"]
[Result "0-1"]
[WhiteElo "1669"]
[BlackElo "2097"]
[ECO "B40"]
[EventDate "2005.07.03"]
[TimeControl "5400+60"]

1.e4 c5 2.d4 e6 3.Nf3 cxd4 4.Nxd4 Bc5 5.Nb3 Bb6 6.Bc4 Ne7 7.Bg5 Nbc6 8.O-O
O-O 9.Nc3 f6 10.Bf4 Ne5 11.Bxe5 fxe5 12.Qh5 Ng6 13.Rad1 Qf6 14.Rd2 a6 15.
Nd1 Nf4 16.Qf3 Ba7 17.a4 Rb8 18.Nc1 b5 19.axb5 axb5 20.Bb3 Qg5 21.Ne3 Nd5 
22.Qxf8+ Kxf8 23.exd5 Ke7 24.d6+ Kf7 25.Ne2 Bb7 26.Rd3 Kg8 27.Ng3 h5 28.
Rc3 h4 29.Ngf5 Kh7 30.Nxh4 b4 31.Rc4 Bxe3 32.fxe3 Qxe3+ 33.Kh1 Ba6 34.Nf5 
exf5 35.Rh4+ Kg6 36.Rg1 Kf6 37.Rh3 Qxh3 38.gxh3 Bb7+ 39.Rg2 Bxg2+ 40.Kxg2 
Rb6 41.h4 Rxd6 0-1

[Event "WA State Championship"]
[Site "Legacy House, South Perth"]
[Date "2005.07.17"]
[Round "3"]
[White "Jahangirian, M"]
[Black "Ellis, D"]
[Result "0-1"]
[WhiteElo "1701"]
[BlackElo "1981"]
[ECO "C03"]
[EventDate "2005.07.03"]
[TimeControl "5400+60"]

1.e4 Nc6 2.Nf3 e6 3.d4 d5 4.Nbd2 g6 5.c3 Bg7 6.Bd3 Nh6 7.O-O O-O 8.Re1 a6 
9.Nf1 f6 10.exd5 exd5 11.h3 Ne7 12.Ng3 Nhf5 13.Ne2 Nd6 14.Qb3 b5 15.Bf4 c6
16.Qc2 Bf5 17.Ng3 Bxd3 18.Qxd3 Qd7 19.Re2 Nef5 20.Nxf5 Nxf5 21.g4 Nh6 22.
Kg2 Rae8 23.Rae1 Rxe2 24.Qxe2 Kf7 25.g5 Nf5 26.gxf6 Bxf6 27.Be5 Re8 28.Qd3
Qd8 29.Kh2 Nd6 30.Bxf6 Qxf6 31.Rxe8 Kxe8 32.Qe3+ Ne4 33.Kg2 Kd8 34.Ne5 Kc7
35.f3 Nd6 36.Ng4 Nc4 37.Qe2 Qg5 38.b3 Qd2 39.Kf2 Qxe2+ 40.Kxe2 Nd6 41.Ke3 
Nf7 42.Kf4 Kd6 43.h4 Ke6 44.Nf2 a5 45.Nd3 h6 46.Nc5+ Kf6 47.Nd7+ Ke7 48.
Ne5 Nxe5 49.Kxe5 b4 50.cxb4 axb4 51.f4 h5 52.f5 gxf5 53.Kxf5 Kd6 54.Kg5 c5
55.dxc5+ Kxc5 56.Kxh5 d4 57.Kg4 d3 58.Kf3 Kd4 59.h5 Kc3 60.h6 d2 61.Kg4 
d1=Q+ 62.Kg5 Qd3 63.Kf6 Qh7 0-1

[Event "WA State Championship"]
[Site "Legacy House, South Perth"]
[Date "2005.07.17"]
[Round "3"]
[White "Leonhardt, W"]
[Black "Viswanath, G"]
[Result "1/2-1/2"]
[WhiteElo "1916"]
[BlackElo "1732"]
[ECO "B33"]
[EventDate "2005.07.03"]
[TimeControl "5400+60"]

1.e4 c5 2.Nf3 Nc6 3.d4 cxd4 4.Nxd4 Nf6 5.Nc3 e5 6.Ndb5 d6 7.Bg5 a6 8.Na3 
Be6 9.Bxf6 gxf6 10.Nc4 b5 11.Ne3 Bh6 12.Ncd5 Bxe3 13.Nxe3 Qa5+ 14.c3 Rd8 
15.Be2 Ne7 16.Bg4 d5 17.Bxe6 fxe6 18.Qh5+ Ng6 19.exd5 exd5 20.O-O O-O 21.
Nf5 Qc7 22.Rad1 Kh8 23.g3 Qc4 24.a3 Rd7 25.Rd2 Rg8 26.Qf3 Nf4 27.Rfd1 Nh3+
28.Kh1 Ng5 29.Qg2 Rgd8 30.Ne3 Qb3 31.Rxd5 Qxd1+ 32.Nxd1 Rxd5 33.Ne3 Rd1+ 
34.Nf1 Ra1 35.h4 Rdd1 36.Qa8+ Kg7 37.hxg5 Rxf1+ 38.Kg2 fxg5 39.g4 Rfb1 40.
Qxa6 Rxb2 41.Qe6 Re1 42.Qe7+ Kg6 43.Qe6+ Kg7 44.Qe7+ Kg6 45.Qd6+ 1/2-1/2

[Event "WA State Championship"]
[Site "Legacy House, South Perth"]
[Date "2005.07.17"]
[Round "3"]
[White "Pavlovic, M"]
[Black "Maris, R"]
[Result "1/2-1/2"]
[WhiteElo "1663"]
[BlackElo "1939"]
[ECO "E12"]
[EventDate "2005.07.03"]
[TimeControl "5400+60"]

1.d4 Nf6 2.c4 e6 3.Nf3 b6 4.Nc3 Bb7 5.Bg5 Be7 6.e3 d6 7.Qc2 Nbd7 8.Nd2 c5 
9.f3 Nh5 10.Bxe7 Qxe7 11.Nde4 f5 12.Nf2 O-O 13.Be2 Qg5 14.f4 Qxg2 15.Bxh5 
Nf6 16.Qe2 g6 17.O-O-O Nxh5 18.Qxh5 Qxf2 19.Rhg1 Qxe3+ 20.Kb1 Rf6 21.Qh4 
Be4+ 22.Ka1 Kf7 23.Qxh7+ Kf8 24.Qh8+ Ke7 25.Qg7+ Rf7 26.Qxg6 Qxf4 1/2-1/2

[Event "WA State Championship"]
[Site "Legacy House, South Perth"]
[Date "2005.07.17"]
[Round "3"]
[White "Patron, A"]
[Black "Johnstone, R"]
[Result "0-1"]
[WhiteElo "1820"]
[BlackElo "1702"]
[ECO "D08"]
[EventDate "2005.07.03"]
[TimeControl "5400+60"]

1.d4 d5 2.c4 e5 3.dxe5 d4 4.e3 Bb4+ 5.Bd2 dxe3 6.fxe3 Qh4+ 7.g3 Qe4 8.Bxb4
Qxh1 9.Nf3 Bg4 10.Nbd2 Nc6 11.Bc3 O-O-O 12.Qc2 Nh6 13.O-O-O Rxd2 14.Nxd2 
Bxd1 15.Qxd1 Qxh2 16.Qf3 Re8 17.Bg2 g6 18.b4 Qh5 19.g4 Qg5 20.Ne4 Nxe5 21.
Nxg5 Nxf3 22.Bxf3 f5 23.Nxh7 Rxe3 24.Bd2 Rxf3 25.Bxh6 fxg4 26.Ng5 Rf1+ 27.
Kd2 g3 28.Ne4 g2 29.Be3 g1=Q 30.Bxg1 Rxg1 31.Ke2 Rb1 0-1

[Event "WA State Championship"]
[Site "Legacy House, South Perth"]
[Date "2005.07.17"]
[Round "3"]
[White "Choong, Y"]
[Black "Kueh, M"]
[Result "1/2-1/2"]
[WhiteElo "1633"]
[BlackElo "1860"]
[ECO "B00"]
[EventDate "2005.07.03"]
[TimeControl "5400+60"]

1.e4 Nc6 2.d4 d5 3.e5 f6 4.exf6 Nxf6 5.Nf3 Bg4 6.Be2 e6 7.Bf4 Bd6 8.Bxd6 
Qxd6 9.c3 O-O 10.O-O Rfe8 11.Ne5 Bxe2 12.Qxe2 Ne4 13.f3 Nxe5 14.fxe4 Ng6 
15.Nd2 e5 16.exd5 Qxd5 17.dxe5 Rxe5 18.Qc4 Qxc4 19.Nxc4 Rc5 20.Ne3 Re8 21.
Rad1 Rce5 22.Nc2 R5e7 23.Rd2 Ne5 24.Ne3 Rd7 25.Rxd7 Nxd7 26.Nd5 c6 27.Nf4 
Nf6 1/2-1/2

[Event "WA State Championship"]
[Site "Legacy House, South Perth"]
[Date "2005.07.17"]
[Round "3"]
[White "Payne, S"]
[Black "Dunlop, G"]
[Result "1/2-1/2"]
[WhiteElo "1630"]
[BlackElo "1825"]
[ECO "B70"]
[EventDate "2005.07.03"]
[TimeControl "5400+60"]

1.e4 c5 2.Nf3 d6 3.d4 cxd4 4.Nxd4 Nf6 5.Nc3 g6 6.Be2 Bg7 7.O-O O-O 8.Kh1 
Nc6 9.Nb3 Be6 10.f3 Na5 11.Nd5 Nxb3 12.axb3 a6 13.Be3 Rc8 14.c3 Nxd5 15.
exd5 Bf5 16.Qd2 h5 17.b4 Kh7 18.b5 axb5 19.Ra7 b4 20.c4 b5 21.Qxb4 bxc4 
22.Bb6 Rb8 23.Bxd8 Rxb4 24.Bxe7 Re8 25.Bxd6 Rxe2 26.Bxb4 Rxb2 27.Bc5 Rb5 
28.Rc7 c3 29.d6 c2 30.Be3 Rd5 31.Rxf7 Rd1 32.Rg1 Kg8 33.Rxg7+ Kxg7 34.Bf4 
Kf6 35.h4 Ke6 36.g3 Kd5 37.Kg2 Kc4 38.Kf2 Kb3 39.g4 hxg4 40.fxg4 Rxg1 41.
Kxg1 Bxg4 42.Kf2 Kb2 43.Kg3 Bd7 44.Be3 c1=Q 45.Bxc1+ Kxc1 46.Kf4 Kd2 47.
Kg5 Be8 48.d7 Bxd7 1/2-1/2

[Event "WA State Championship"]
[Site "Legacy House, South Perth"]
[Date "2005.07.17"]
[Round "3"]
[White "Whitehead, P"]
[Black "Kurniawan, S"]
[Result "0-1"]
[WhiteElo "1610"]
[BlackElo "1800"]
[ECO "A57"]
[EventDate "2005.07.03"]
[TimeControl "5400+60"]

1.d4 Nf6 2.c4 c5 3.d5 b5 4.a4 bxc4 5.Nf3 g6 6.Nc3 Bg7 7.e4 d6 8.Bxc4 O-O 
9.O-O Na6 10.Qe2 Nb4 11.h3 Nd7 12.Bf4 Nb6 13.Rfc1 Nxc4 14.Qxc4 Ba6 15.Qb3 
Nd3 16.Bd2 Nxc1 17.Rxc1 Rb8 18.Qc2 Qb6 19.Rb1 Qb3 20.Qc1 Bd3 21.Ra1 Qxb2 
22.Qe1 Bxc3 23.Bxc3 Qxa1 24.Bxa1 Rb1 25.Qxb1 Bxb1 26.Nd2 Bd3 27.f4 Rb8 28.
Kf2 Rb4 29.a5 Bxe4 30.Bc3 Ra4 0-1

[Event "WA State Championship"]
[Site "Legacy House, South Perth"]
[Date "2005.07.17"]
[Round "3"]
[White "Holland, D"]
[Black "Lubtschenko, W"]
[Result "1/2-1/2"]
[WhiteElo "1588"]
[BlackElo "1693"]
[ECO "D11"]
[EventDate "2005.07.03"]
[TimeControl "5400+60"]

1.d4 d5 2.c4 c6 3.e3 Nf6 4.Nf3 Bg4 5.Nbd2 Nbd7 6.Qb3 Rb8 7.cxd5 cxd5 8.h3 
Bf5 9.g4 Bg6 10.g5 Ne4 11.Ne5 Nxe5 12.dxe5 a6 13.Nxe4 Bxe4 14.Rh2 e6 15.
Qa4+ Qd7 16.Qxd7+ Kxd7 17.a4 Rc8 18.f4 h6 19.g6 Bxg6 20.Bd2 Be7 21.Bc3 
Bh4+ 22.Kd2 Be4 23.Bg2 Bg3 24.Rhh1 Bxg2 25.Rhg1 Bxh3 26.Rxg3 Bf5 27.Rxg7 
Bg6 28.Rg1 Kc6 29.b4 Rcg8 30.Rxg8 Rxg8 31.Bd4 h5 32.Rc1+ Kd7 33.Bb6 Rc8 
34.Rxc8 Kxc8 35.Ke2 Kd7 36.a5 Kc6 37.Bc5 Kb5 38.Kf2 Kc4 39.Kg3 Kd3 40.Kh4 
Ke4 41.Kg3 Kf5 42.Bd4 Ke4 43.Bc5 Bf5 44.Bd4 Bg4 45.Bc5 Kd3 46.Bd4 Kc4 47.
Bc5 Kd3 48.Bd4 Ke4 49.Bc5 Kf5 50.Bd4 Kg6 51.Bc3 Kf5 52.Bd4 Ke4 53.Bc5 Bf5 
54.Bd4 Bg6 55.Bc5 f6 56.exf6 e5 57.fxe5 Kxe5 58.Bd4+ 1/2-1/2

[Event "WA State Championship"]
[Site "Legacy House, South Perth"]
[Date "2005.07.17"]
[Round "3"]
[White "Markou, V"]
[Black "Rados, P"]
[Result "0-1"]
[WhiteElo "1452"]
[BlackElo "1723"]
[ECO "C44"]
[EventDate "2005.07.03"]
[TimeControl "5400+60"]

1.e4 e5 2.Nf3 Nc6 3.d3 Bc5 4.g3 Nf6 5.Bg2 d6 6.O-O Bg4 7.Nbd2 Qd7 8.Re1 
Bh3 9.Nf1 Bxg2 10.Kxg2 O-O 11.Ne3 Ne7 12.c3 Bb6 13.Nc4 Ng6 14.Nxb6 axb6 
15.Bg5 Qe6 16.a3 Nd7 17.d4 h6 18.d5 Qe8 19.Bd2 Nf6 20.Qe2 Qd7 21.b4 Ra4 
22.c4 Rfa8 23.Qd3 Qg4 24.b5 Nh5 25.h3 Nhf4+ 0-1

[Event "WA State Championship"]
[Site "Legacy House, South Perth"]
[Date "2005.07.17"]
[Round "3"]
[White "Garcia, M"]
[Black "O'Donohue, B"]
[Result "1/2-1/2"]
[WhiteElo "1454"]
[BlackElo "1592"]
[ECO "A04"]
[EventDate "2005.07.03"]
[TimeControl "5400+60"]

1.Nf3 c5 2.g3 Nc6 3.d4 cxd4 4.Nxd4 g6 5.Bg2 Bg7 6.c3 Nf6 7.O-O O-O 8.Nd2 
e5 9.Nxc6 bxc6 10.b3 d5 11.Bb2 e4 12.c4 Bb7 13.e3 Nd7 14.Bxg7 Kxg7 15.f3 
f5 16.b4 Ne5 17.Qb3 Nd3 18.Rad1 Qb6 19.Qc3+ Kg8 20.c5 Qc7 21.fxe4 fxe4 22.
Nb3 Ba6 23.Bh3 Qe7 24.Nd4 Ne5 25.Be6+ Kg7 26.Nxc6 Qxe6 27.Nxe5 Rxf1+ 28.
Rxf1 Bxf1 29.Ng4+ Kf8 30.Qh8+ Qg8 31.Qf6+ Qf7 32.Qh8+ Qg8 33.Qf6+ Qf7 34.
Qh8+ 1/2-1/2

[Event "WA State Championship"]
[Site "Legacy House, South Perth"]
[Date "2005.07.17"]
[Round "3"]
[White "Tomic, N"]
[Black "Slack-Smith, B"]
[Result "1-0"]
[WhiteElo "1704"]
[BlackElo "1213"]
[ECO "B07"]
[EventDate "2005.07.03"]
[TimeControl "5400+60"]

1.e4 d6 2.d4 Nf6 3.Nc3 g6 4.Bc4 Bg7 5.Bg5 O-O 6.Nge2 c5 7.dxc5 Qa5 8.Bxf6 
Bxf6 9.cxd6 Rd8 10.Qd5 Qxd5 11.Nxd5 Nc6 12.dxe7 Bxe7 13.O-O-O Bg4 14.Nxe7+
Nxe7 15.f3 Be6 16.Bxe6 fxe6 17.h4 e5 18.Nc3 a6 19.a4 Kf7 20.g4 Rac8 21.Rd3
Rxd3 22.cxd3 Nc6 23.Kb1 Nd4 24.Rf1 Ne6 25.Nd5 Nc5 26.Rc1 Rc6 27.Nb4 Nb3 
28.Nxc6 Nxc1 1-0

[Event "WA State Championship"]
[Site "Legacy House, South Perth"]
[Date "2005.07.17"]
[Round "3"]
[White "O'Shaughnessy, D"]
[Black "Klimczak, J"]
[Result "0-1"]
[WhiteElo "1303"]
[BlackElo "1366"]
[ECO "B33"]
[EventDate "2005.07.03"]
[TimeControl "5400+60"]

1.e4 c5 2.Nf3 Nc6 3.d4 cxd4 4.Nxd4 Nf6 5.f3 g6 6.c4 Bg7 7.Nb3 O-O 8.Nc3 d6
9.Be3 b6 10.Qd2 a6 11.Be2 Qc7 12.Nd5 Nxd5 13.cxd5 Ne5 14.Rc1 Qd8 15.O-O 
Rb8 16.Nd4 Bb7 17.f4 Nd7 18.Nc6 Bxc6 19.dxc6 Nc5 20.Qc2 a5 21.a3 Qc7 22.b4
axb4 23.axb4 Ne6 24.Rfd1 Ra8 25.g3 Ra3 26.Rd3 Rfa8 27.Rxa3 Rxa3 28.Qd2 
Rxe3 0-1

[Event "WA State Championship"]
[Site "Legacy House, South Perth"]
[Date "2005.07.17"]
[Round "3"]
[White "Walker, C"]
[Black "Taylor, P"]
[Result "1/2-1/2"]
[WhiteElo "1353"]
[BlackElo "1100"]
[ECO "B30"]
[EventDate "2005.07.03"]
[TimeControl "5400+60"]

1.e4 c5 2.Nf3 Nc6 3.Nc3 d6 4.d3 g6 5.Be2 Bg7 6.h3 Nf6 7.Bf4 Bd7 8.O-O O-O 
9.Qd2 Re8 10.Rab1 a5 11.e5 dxe5 12.Nxe5 Nxe5 13.Bxe5 Bc6 14.Bf4 Nd5 15.
Nxd5 Qxd5 16.Bf3 Qxa2 17.Bxc6 bxc6 18.c3 Qd5 19.Rfd1 e5 20.Be3 Red8 21.Qc2
a4 22.c4 Qd6 23.Ra1 Rdb8 24.Rab1 Rb4 25.f3 f5 26.Qf2 Bf8 27.Qc2 f4 28.Bd2 
Rb3 29.Ra1 Qd4+ 30.Kh1 Qxb2 31.Qxb2 Rxb2 32.Bc3 Re2 33.Re1 Rxe1+ 34.Rxe1 
Bd6 35.Ra1 Kf7 36.Kg1 Kf6 37.Kf1 Kf5 38.Ra2 h5 39.Ke2 g5 40.Be1 g4 41.Kd2 
g3 42.Kc2 h4 43.Bd2 Ke6 44.Bc1 Kd7 45.Ba3 Kc7 46.Bc1 Be7 47.Bd2 Kd6 48.Bc1
Bd8 49.Bb2 Bf6 50.Bc1 Ke6 51.Ba3 Kd6 52.Bc1 Ke6 53.Bd2 Kf5 54.Bc1 Kg5 55.
Ba3 Ra5 56.Bc1 e4 57.dxe4 Bd4 58.Bd2 Ra6 59.Bc1 Bf2 60.Bd2 Ra7 61.Bc3 Bd4 
62.Bd2 Be3 63.Bc3 Kg6 64.Bb2 Kf7 65.Bc3 Ke6 66.Bb2 Bd4 67.Bc1 Ke5 68.Bd2 
Ra6 69.Bc1 1/2-1/2

[Event "WA State Championship"]
[Site "Legacy House, South Perth"]
[Date "2005.07.24"]
[Round "4"]
[White "Kueh, M"]
[Black "Barber, H"]
[Result "1/2-1/2"]
[WhiteElo "1860"]
[BlackElo "2143"]
[ECO "A03"]
[EventDate "2005.07.03"]
[TimeControl "5400+60"]

1.f4 d5 2.g3 g6 3.Bg2 Bg7 4.Nf3 c6 5.O-O Qb6+ 6.e3 h5 7.d4 Nh6 8.Na3 Nd7 
9.c4 Nf6 10.cxd5 cxd5 11.Ne5 O-O 12.Qb3 Qxb3 13.axb3 Rd8 14.Nb5 a6 15.Nc3 
e6 16.Na4 Nd7 17.Bd2 Bxe5 18.fxe5 Nf5 19.Rac1 a5 20.Nc5 Nxc5 21.Rxc5 b6 
22.Rc7 Ba6 23.Rfc1 Rdc8 1/2-1/2

[Event "WA State Championship"]
[Site "Legacy House, South Perth"]
[Date "2005.07.24"]
[Round "4"]
[White "Hare, T"]
[Black "Jahangirian, M"]
[Result "1-0"]
[WhiteElo "2097"]
[BlackElo "1701"]
[ECO "A38"]
[EventDate "2005.07.03"]
[TimeControl "5400+60"]

1.c4 Nf6 2.Nf3 g6 3.g3 Bg7 4.Bg2 d6 5.Nc3 c5 6.a3 Nc6 7.d3 O-O 8.O-O Bd7 
9.Rb1 a5 10.Bg5 Re8 11.h3 h6 12.Bd2 Qc8 13.Kh2 Nd8 14.b4 axb4 15.axb4 Ne6 
16.b5 b6 17.Ng1 Rb8 18.Ra1 Qc7 19.Ra3 Bc8 20.Bc6 Rf8 21.Qc1 Kh7 22.Nf3 Nd8
23.Nd5 Nxd5 24.cxd5 e6 25.e4 Qe7 26.Bc3 exd5 27.Bxg7 Kxg7 28.exd5 Qf6 29.
Qa1 Nb7 30.Qxf6+ Kxf6 31.Ra7 Na5 32.Re1 Bf5 33.Re3 g5 34.g4 Bg6 35.Nd2 
Rbd8 36.Kg3 Kg7 37.Kf3 h5 38.Ke2 Kh6 39.Ree7 f5 40.gxh5 Bxh5+ 41.f3 Bg6 
42.Re6 Kh5 43.Rg7 Kh4 44.Rexg6 Rh8 45.Rxg5 Kxh3 46.Rg1 Kh2 47.Nf1+ 1-0

[Event "WA State Championship"]
[Site "Legacy House, South Perth"]
[Date "2005.07.24"]
[Round "4"]
[White "Kurniawan, S"]
[Black "Patron, A"]
[Result "1-0"]
[WhiteElo "1800"]
[BlackElo "1820"]
[ECO "C41"]
[EventDate "2005.07.03"]
[TimeControl "5400+60"]

1.e4 e5 2.Nf3 d6 3.d4 exd4 4.Nxd4 Nf6 5.Nc3 a6 6.a4 Be7 7.Be2 c5 8.Nb3 Be6
9.O-O O-O 10.Be3 Nc6 11.f4 Qb6 12.Nd5 Qd8 13.Bf3 b5 14.Nxe7+ Nxe7 15.axb5 
Bc4 16.Re1 Bxb3 17.cxb3 Rc8 18.bxa6 d5 19.exd5 Nexd5 20.Bf2 Nxf4 21.a7 
N4d5 22.Bxc5 Nc7 23.Bxf8 Qxf8 24.Qd4 Nb5 25.Qb6 Nc7 26.Qxc7 Rxc7 27.a8=Q 
Rc8 28.Qxc8 Qxc8 29.Ra8 1-0

[Event "WA State Championship"]
[Site "Legacy House, South Perth"]
[Date "2005.07.24"]
[Round "4"]
[White "Johnstone, R"]
[Black "Leonhardt, W"]
[Result "1/2-1/2"]
[WhiteElo "1702"]
[BlackElo "1916"]
[ECO "B86"]
[EventDate "2005.07.03"]
[TimeControl "5400+60"]

1.e4 c5 2.Nf3 d6 3.d4 cxd4 4.Nxd4 Nf6 5.Nc3 a6 6.Bc4 e6 7.O-O Be7 8.Bb3 
Qc7 9.f4 Nc6 10.Be3 O-O 11.f5 Nxd4 12.Bxd4 b5 13.a3 e5 14.Be3 Bb7 15.Bd5 
Rac8 16.Rc1 Rfd8 17.Qd3 h6 18.Rf3 Bxd5 19.Nxd5 Nxd5 20.Qxd5 Qc4 21.Qd2 
Qxe4 22.Bxh6 Qd4+ 23.Qxd4 exd4 24.Rg3 g6 25.fxg6 f6 26.Rd3 d5 27.Kf1 Bd6 
28.g3 Be5 29.Kf2 Rc6 30.h4 Rdc8 31.Rd2 a5 32.g4 b4 33.axb4 axb4 34.Ke2 Rc4
35.Kd3 Ra8 36.Rdd1 1/2-1/2

[Event "WA State Championship"]
[Site "Legacy House, South Perth"]
[Date "2005.07.24"]
[Round "4"]
[White "Ellis, D"]
[Black "Choong, Y"]
[Result "0-1"]
[WhiteElo "1981"]
[BlackElo "1633"]
[ECO "A01"]
[EventDate "2005.07.03"]
[TimeControl "5400+60"]

1.b3 f5 2.e4 fxe4 3.d3 exd3 4.Bxd3 Nf6 5.Bb2 e6 6.g4 Nd5 7.h4 Nf4 8.g5 Qe7
9.Ne2 Nxd3+ 10.Qxd3 b6 11.Nd2 Bb7 12.Rh3 Nc6 13.a3 a5 14.O-O-O O-O-O 15.f4
Qf7 16.Rf1 Ne7 17.Rh2 Nf5 18.Nd4 Nxd4 19.Qxd4 Rg8 20.h5 Bc5 21.Qd3 h6 22.
g6 Qe7 23.a4 Rdf8 24.Kb1 Bd6 25.Qe3 Rf5 26.Ne4 Bxe4 27.Qxe4 Kb8 28.Qd4 e5 
29.Qc4 Rgf8 30.Re2 Rxh5 31.Bxe5 Bxe5 32.Rxe5 Rxe5 33.fxe5 Rxf1+ 34.Qxf1 
Qxe5 35.Qf7 d6 36.Qf8+ Kb7 37.Qf3+ Ka7 38.Qc6 d5 39.Qd7 h5 40.Kc1 Kb7 41.
Kd2 Qg5+ 42.Kd3 Qxg6+ 0-1